 Dungeon Crawl Stone Soup version 0.30-a0-802-gb92711bcdf (webtiles) character file.

Game seed: 3838622324194800399

190 Monkooky the Covert (level 5, -1/36 HPs)
             Began as an Octopode Delver on Feb 24, 2023.
             Was a Believer of Cheibriados.
             Slain by Grinder (5 damage)
             ... while paralysed by Grinder
             ... on level 3 of the Dungeon.
             The game lasted 00:06:33 (3152 turns).

Monkooky the Covert (Octopode Delver)               Turns: 3152, Time: 00:06:34

Health: -1/36      AC:  1    Str: 16    XL:     5   Next: 69%
Magic:  13/16      EV:  2    Int: 18    God:    Cheibriados [**....]
Gold:   66         SH:  0    Dex: 20    Spells: 4/7 levels left

rFire   . . .      SeeInvis .    v - +7 trident "Kaih" {holy, *Rage +Blink rElec rC+++}
rCold   + + +      Faith    .    (no shield)
rNeg    . . .      Spirit   .    (helmet restricted)
rPois   .          Reflect  .    (no amulet)
rElec   +          Harm     .    u - ring of magical power
rCorr   .          Rampage  .    k - ring of wizardry
Will    .....      Rage     20%  (no ring)
Stlth   +++++                    (no ring)
HPRegen 0.26/turn                (no ring)
MPRegen 0.15/turn                (no ring)
                                 (no ring)
                                 (no ring)

@: paralysed, studying Stealth, very slow
A: almost no armour, amphibious, 8 rings, camouflage 1, gelatinous body 1,
(nimble swimmer 1), tentacles
a: Renounce Religion, Evoke Blink, Bend Time


You were on level 3 of the Dungeon.
You worshipped Cheibriados.
Cheibriados was pleased with you.
You visited 2 branches of the dungeon, and saw 6 of its levels.

You collected 66 gold pieces.

Inventory:

Hand Weapons
 a - a +0 short sword
 c - a +0 dagger
 v - the +7 trident "Kaih" (weapon) {holy, *Rage +Blink rElec rC+++}
   (You found it on level 3 of the Dungeon)

   rC:        It renders you almost immune to cold.
   rElec:     It insulates you from electricity.
   +Blink:    It lets you blink.
   *Rage:     It berserks you when you make melee attacks (+20% chance).
Armour
 w - a +0 kite shield
Jewellery
 k - a ring of wizardry (right tentacle)
 u - a ring of magical power (left tentacle)
Wands
 f - a wand of digging (3)
 A - a wand of quicksilver (7)
Scrolls
 b - a scroll of fog
 d - a scroll of fear
 e - 2 scrolls of immolation {unknown}
 g - 5 scrolls of identify {unknown}
 j - a scroll of blinking {unknown}
 l - a scroll of brand weapon {unknown}
 n - a scroll of noise {unknown}
 o - 2 scrolls of amnesia {unknown}
 q - a scroll of magic mapping
 s - a scroll of vulnerability {unknown}
 x - a scroll of enchant armour {unknown}
 y - a scroll of acquirement {unknown}
Potions
 h - 2 potions of resistance {unknown}
 i - a potion of heal wounds {unknown}
 m - a potion of might {unknown}
 p - 2 potions of curing {unknown}
 r - 2 potions of mutation {unknown}
 t - a potion of ambrosia {unknown}
 z - a potion of attraction {unknown}


   Skills:
 - Level 3.0 Fighting
 - Level 2.1(2.4) Short Blades
 - Level 1.4(2.0) Long Blades
 - Level 2.0 Dodging
 - Level 8.1 Stealth
 + Level 1.5 Spellcasting
 * Level 2.8 Summonings


You had 4 spell levels left.
You knew the following spells:

 Your Spells              Type           Power      Damage    Failure   Level
a - Call Canine Familiar  Summ           11%        N/A       8%          3

Your spell library contained the following spells:

 Spells                   Type           Power      Damage    Failure   Level
 Portal Projectile        Hex/Tloc       2%         N/A       22%         3
 Leda's Liquefaction      Hex/Erth       0%         N/A       56%         4
 Freezing Cloud           Conj/Ice/Air   0%         6-21      88%         5
 Simulacrum               Ice/Necr       0%         N/A       100%        6
 Polar Vortex             Ice            0%         N/A       100%        9


Dungeon Overview and Level Annotations

Branches:
Dungeon (5/15)             Temple (1/1) D:4

Altars:
Cheibriados
Gozag
Nemelex Xobeh
Wu Jian
Zin

Annotations:
D:3 Grinder
D:5 Prince Ribbit


Innate Abilities, Weirdness & Mutations

You cannot wear most types of armour.
You are amphibious.
You can wear up to eight rings at the same time.
Your skin changes colour to match your surroundings (Stealth+).
Your rubbery body absorbs attacks. (AC +1, EV +1)
((You are camouflaged when in or above water. (Stealth+)))
You have tentacles for arms and can constrict up to eight enemies at once.


Message History

An endoplasm is nearby!
An endoplasm is nearby!
You reach to attack!
A red film seems to cover your vision as you go berserk!
Cheibriados protects you from inadvertent hurry.
You feel mighty!
The helpless endoplasm fails to defend itself.
You impale the endoplasm!!
You kill the endoplasm!
Cheibriados thoroughly appreciates the change of pace.
Calm down first, please.
You start waiting.
You feel a strong urge to attack something.
You start waiting.
You feel your anger nearly subside.
You are no longer berserk.
You are exhausted.
You feel yourself slow down.
You feel yourself speed up.
You recover from your berserk rage.
There is a stone staircase leading down here.
An orc comes into view. It is wielding a +0 dagger.
The orc moves out of view.
Grinder comes into view.
Grinder is nearby!
Casting: Call Canine Familiar (dangerous; 8% risk of failure)
Confirm with . or Enter, or press ? or * to list all spells.
Grinder shouts!
Grinder hits you!
You writhe in agony.
Your hound misses Grinder. You closely miss Grinder. You grab Grinder.
You squeeze Grinder.
Grinder is lightly wounded.
You constrict Grinder.
Your hound completely misses Grinder.
Grinder hits you!
You writhe in agony.
* * * LOW HITPOINT WARNING * * *
Your hound bites Grinder.
Grinder gestures at you.
You suddenly lose the ability to move!
You lose your grip on Grinder.
Your hound closely misses Grinder.
Grinder hits you.
* * * LOW HITPOINT WARNING * * *
You writhe in agony.
You die...

......+.....#
#.................
..#####.....#
#......########### ###
+....... #.###.## #
#.....####.# #.# # #######
#.# #.# # #.# #.# # #.# #.#
# #######h# #.# ......5@#
#.# ######### #.# #.# #.#
#.# #.#
####################.#######
...................#.......#
.÷....†.##########.#######.#


You could see Grinder (ally target) and a friendly hound (summoned).

Vanquished Creatures
  Jessica (D:2)
  2 orc wizards (D:3)
  4 adders
  A worm (D:2)
  A dart slug (D:1)
  3 orcs
  8 ball pythons
  13 endoplasms
  A giant cockroach (D:1)
  6 goblins
  4 hobgoblins
  3 jackals (D:1)
  A kobold (D:4)
  4 quokkas
  3 bats
  5 frilled lizards
  8 rats
68 creatures vanquished.

Notes
Turn   | Place    | Note
-------+----------+-------------------------------------------
     0 | D:5      | Monkooky the Octopode Delver began the quest for the Orb.
     0 | D:5      | Reached XP level 1. HP: 16/16 MP: 1/1
     1 | D:5      | Noticed a hound
    38 | D:5      | Reached skill level 7 in Stealth
    38 | D:5      | Reached XP level 2. HP: 17/21 MP: 2/2
    56 | D:5      | Noticed a howler monkey
    73 | D:5      | Noticed Prince Ribbit
    76 | D:5      | Noticed a necrophage
   231 | D:4      | Found a staircase to the Ecumenical Temple.
   239 | Temple   | Entered the Ecumenical Temple
   275 | Temple   | Became a worshipper of Cheibriados the Contemplative
   653 | D:2      | Reached XP level 3. HP: 25/26 MP: 3/3
   799 | D:1      | Reached skill level 8 in Stealth
   953 | D:1      | Reached * piety under Cheibriados
  1248 | D:1      | Reached skill level 1 in Long Blades
  1266 | D:1      | Reached XP level 4. HP: 25/31 MP: 4/4
  1373 | D:1      | Learned a level 3 spell: Call Canine Familiar
  1593 | D:2      | Reached ** piety under Cheibriados
  1678 | D:3      | Identified the +7 trident "Kaih" {holy, *Rage +Blink rElec
                  | rC+++}
  1996 | D:2      | Reached skill level 1 in Summonings
  2124 | D:2      | Noticed Jessica
  2129 | D:2      | Killed Jessica
  2215 | D:2      | Reached XP level 5. HP: 36/36 MP: 6/6
  2619 | D:3      | Reached skill level 1 in Spellcasting
  3148 | D:3      | Noticed Grinder
  3151 | D:3      | Paralysed by Grinder for 4 turns
  3152 | D:3      | Slain by Grinder

Illustrated notes

Levels and vault maps discovered:
D:1:      onia_arrival_handbag, layout_basic, minmay_heptomino_d4
D:2:      layout_basic, uniq_jessica
D:3:      layout_basic, uniq_grinder
D:4:      layout_basic, minmay_temple_entry_mist
D:5:      nicolae_cairo_tiling_very_big, layout_cave_pools,
          grunt_dithmenos_smoke_and_mirrors, uniq_prince_ribbit1
Temple:   minmay_crystal_spiral_temple

Skill      XL: |  1  2  3  4  5 |
---------------+----------------+-----
Stealth        | 7 8 |  8.1
Long Blades    | 1 |  1.4
Summonings     | 1 2 |  2.8
Spellcasting   | 1 |  1.5
Fighting       | |  3.0
Short Blades   | |  2.1
Dodging        | |  2.0

Action                     |  1- 3 |  4- 6 || total
---------------------------+-------+-------++-------
  Melee: Short sword       |    11 |       ||    11
         Constrict         |    18 |     6 ||    24
         Tentacles         |    14 |     7 ||    21
         Dagger            |    62 |    22 ||    84
         Punch             |     1 |       ||     1
         Trident           |       |    33 ||    33
  Throw: Dart              |     5 |       ||     5
   Cast: Call Canine Famil |       |     1 ||     1
    Use: Scroll            |     2 |       ||     2
         Potion            |     1 |       ||     1
   Stab: Sleeping          |    17 |    14 ||    31
         Distracted        |     1 |     1 ||     2
 Armour: Skin              |     6 |     1 ||     7
  Dodge: Dodged            |    32 |    16 ||    48

Table legend: (Time is in decaauts)
 A = Elapsed time spent in this place.
 B = Non-inter-level travel time spent in this place.
 C = Inter-level travel time spent in this place.
 D = Time resting spent in this place.
 E = Time spent auto-exploring this place.
 F = Levels seen in this place.
 G = Mean time per level.
                   A        B        C        D        E       F      G
               +--------+--------+--------+--------+--------+-----+--------+
         Total |   4166 |   3951 |    215 |    147 |   3086 |   6 |  694.3 |
       Dungeon |   4098 |   3915 |    183 |    147 |   3057 |   5 |  819.6 |
        Temple |     68 |     37 |     31 |      0 |     29 |   1 |   68.0 |
               +--------+--------+--------+--------+--------+-----+--------+

Top non-repeatable levels by time:
     D:3: 1328 daAuts
     D:2: 1215 daAuts
     D:1: 1018 daAuts
     D:4: 432 daAuts
     D:5: 103 daAuts
  Temple: 68 daAuts
